AoeStats
← 小桦

Arabia

505617569Analyzed
1v1 RM · 23d ago on Sep 10, 2026· 34m 29s· 2 players
Game mode
Random Map
Map size
Tiny (2 player)
Population
200
Speed
Normal
Resources
Standard
Victory
Conquest
Starting age
Dark Age
Ending age
Imperial Age
RankedLock teamsTeams togetherTeam positionsShared explorationLock speedFull tech treeHidden civsTurbo modeCheats
Victory
Defeat
🇻🇳 Spanish · Vietnam
1447
+15
🇨🇳 Koreans · China
1427
-15
小桦
6:35 Loom
8:56 Feudal Age
15:21 Fletching
17:09 Double-Bit Axe
17:56 Horse Collar
23:31 Castle Age
21:49 Gold Mining
23:59 Crossbowman
26:33 Wheelbarrow
27:01 Bodkin Arrow
27:15 Stone Mining
30:40 Bow Saw
30:18 Town Watch
31:27 Gold Shaft Mining
tlda4644
6:22 Loom
8:56 Feudal Age
10:02 Double-Bit Axe
11:32 Horse Collar
23:03 Castle Age
25:44 Fletching
25:56 Padded Archer Armor
26:23 Bodkin Arrow
34:24 Imperial Age
32:38 Gold Mining
Connection lost

Rejoining the realm…

Still unreachable

The connection could not be restored.

Session expired

The server has moved on; the page needs a fresh start.